cohdb
Replays
Latest Replays
All Replays
Popular Replays
Top Player Replays
Match Explorer
How It Works
Community
CoH3 Stats
Reddit
Sign in to upload your games and track your stats! →
Sign in with Steam
Match 36362328
Unlisted
Match 36362328
Overview
Messages
Build Orders
End
Construct Section Command Post
Infantry Section
Infantry Section
Infantry Section
ML 3-inch Mortar Team
Construct Platoon Command Post
Selects Heavy Armor Battlegroup
Selects Engineer Detachments
Selects Light Vehicle Withdraw and Refit
Humber Armored Car
Light Vehicle Withdraw and Refit
Vickers Machine Gun Team
Construct Field Infirmary
Royal Engineer Section
6-pounder Anti-tank Gun Team
6-pounder Anti-tank Gun Team
Grenade Package
Team Weapon Training
Selects Crusader AA Medium Tank
SHALDUN
罗密欧与猪吏烨
dsadqda
ButterMallow
Yaas
Weissweinschorle - Das Original
0
0
Comments
sign in to comment!
No comments posted yet!